 Dungeon Crawl Stone Soup version 0.28-a0-683-ga8797d1ae1 (webtiles) character file.

Game seed: 14473268942854118816

3811 lawman0 the Cleaver (level 10, -10/81 HPs)
             Began as a Hill Orc Cinder Acolyte on Oct 18, 2021.
             Was an Elder of Ignis.
             Mangled by a five-headed hydra (13 damage)
             ... on level 7 of the Dungeon.
             The game lasted 00:18:02 (10988 turns).

lawman0 the Cleaver (Hill Orc Cinder Acolyte)      Turns: 10988, Time: 00:18:02

Health: -10/81     AC:  5    Str: 18    XL:     10   Next: 17%
Magic:  16/16      EV: 11    Int: 17    God:    Ignis [****..]
Gold:   184        SH:  0    Dex:  6    Spells: 9/17 levels left

rFire   + . .      SeeInvis .   b - +2 war axe (venom)
rCold   . . .      Faith    .   (no shield)
rNeg    . . .      Spirit   .   c - +0 leather armour
rPois   .          Reflect  .   (no helmet)
rElec   .          Harm     .   (no cloak)
rCorr   .          Rampage  .   g - +0 pair of gloves
Will    .....                   y - +0 pair of boots
Stlth   +.........              (no amulet)
HPRegen 0.23/turn               (no ring)
MPRegen 0.15/turn               (no ring)

@: about to teleport
A: no striking features
a: Renounce Religion, Sea of Fire, Foxfire Swarm, Rising Flame


You were on level 7 of the Dungeon.
You worshipped Ignis.
Ignis was greatly pleased with you.
You visited 2 branches of the dungeon, and saw 8 of its levels.

You collected 345 gold pieces.
You spent 161 gold pieces at shops.

Inventory:

Hand Weapons
 a - a -1 hand axe of flaming
 b - a +2 war axe of venom (weapon)
Missiles
 m - 3 javelins
 n - 2 throwing nets
 p - 3 boomerangs
 w - a curare-tipped dart (quivered)
Armour
 c - a +0 leather armour (worn)
 g - a +0 pair of gloves (worn)
 j - a +0 kite shield
 y - a +0 pair of boots (worn)
Jewellery
 k - a +6 ring of strength
Wands
 l - a wand of iceblast (7)
Scrolls
 d - a scroll of immolation
 e - a scroll of vulnerability
 f - 2 scrolls of enchant weapon {unknown}
 r - 2 scrolls of magic mapping {unknown}
 s - a scroll of summoning {unknown}
 t - a scroll of blinking {unknown}
 x - a scroll of torment {unknown}
Potions
 i - a potion of flight
 o - 2 potions of brilliance
 q - a potion of cancellation
 u - 2 potions of might {unknown}
 v - a potion of haste


   Skills:
 + Level 5.5 Fighting
 + Level 9.1 Axes
 + Level 3.5 Armour
 + Level 2.2 Dodging
 + Level 1.2 Stealth
 + Level 4.4 Spellcasting
 * Level 6.2 Conjurations
 + Level 6.2 Fire Magic
 * Level 4.4 Air Magic


You had 9 spell levels left.
You knew the following spells:

 Your Spells              Type           Power      Damage    Failure   Level
a - Shock                 Conj/Air       84%        1d8       1%          1
b - Scorch                Fire           50%        2d7       1%          2
c - Swiftness             Air            18%        N/A       9%          3
d - Apportation           Tloc           6%         N/A       19%         1
e - Summon Small Mammal   Summ           12%        N/A       19%         1

Your spell library contained the following spells:

 Spells                   Type           Power      Damage    Failure   Level
 Animate Skeleton         Necr           6%         N/A       19%         1
 Airstrike                Air            9%         N/A       28%         4


Dungeon Overview and Level Annotations

Branches:
Dungeon (7/15)             Temple (1/1) D:5

Altars:
Cheibriados
Dithmenos
Fedhas
Gozag
Hepliaklqana
Kikubaaqudgha
Makhleb
Nemelex Xobeh
Okawaru
Qazlal
Ru
Sif Muna
Trog
Uskayaw
Wu Jian
Xom
Zin
The Shining One

Shops:
D:1 [   D:2 *


Message History

The five-headed hydra is severely wounded.
The five-headed hydra bites you! The five-headed hydra bites you. x2
The five-headed hydra completely misses you.
The five-headed hydra bites you.
Unknown command.
Unknown command.
Aiming: Iceblast
Press: ? - help, Shift-Dir - straight line The mass of ice explodes!
The iceblast engulfs the five-headed hydra!
The five-headed hydra is severely wounded.
The five-headed hydra barely misses you.
The five-headed hydra bites you. x2; The five-headed hydra bites you! x2
Unknown command.
Unknown command.
Unknown command.
Okay, then.
There is a stone staircase leading up here.
Okay, then.
Okay, then.
Aiming: Iceblast
Press: ? - help, Shift-Dir - straight line, f - five-headed hydra
Aim: a five-headed hydra (heavily wounded)
The mass of ice explodes!
The iceblast engulfs the five-headed hydra!
The five-headed hydra is severely wounded.
The iceblast engulfs the human!
The human is moderately wounded.
Unknown command.
Unknown command.
Unknown command.
As you read the scroll of teleportation, it crumbles to dust.
You feel strangely unstable. The five-headed hydra bites you!
* * * LOW HITPOINT WARNING * * *
The five-headed hydra misses you.
The five-headed hydra barely misses you.
The five-headed hydra bites you!
* * * LOW HITPOINT WARNING * * *
The five-headed hydra bites you!
You die...

##########
###################.........
#...........................
#.#################......... ###
#.# #.........
..####.###################...#.##
..+.............@Dp......#.#.# ##
..##.#.#################.#.#.# ..
####.#.# ... #...#.# #.
####.#.###..... ##p.#.###.
.............D.........+.........
####.#.###.............###.#.###.
#.#.# ...........# #.#.(.#.
####+#.# .........# #..##.#.
.......# .........###....<..


You could see a five-headed hydra and a human.

Vanquished Creatures
  Harold (D:7)
  3 humans (D:7)
  Menkaure (D:7)
  A steam dragon (D:7)
  A water moccasin (D:7)
  An orc warrior (D:4)
  4 ice beasts
  2 sky beasts
  A hornet zombie (D:7)
  A necrophage (D:5)
  2 ogres
  2 centaurs
  2 kobold brigands
  A gnoll sergeant (D:5)
  2 scorpions
  2 water moccasin zombies
  5 wights
  A centaur zombie (D:4)
  2 hounds
  5 orc priests
  A bullfrog skeleton (D:5)
  An iguana (D:3)
  6 orc wizards
  A hound zombie (D:5)
  5 adders
  4 gnolls
  A shadow imp (D:6)
  2 white imps (D:6)
  An ufetubus (D:5)
  An adder zombie (D:4)
  A dart slug (D:2)
  18 orcs
  3 ball pythons
  2 endoplasms
  2 giant cockroaches
  4 goblins
  A hobgoblin (D:3)
  5 jackals
  A quokka (D:4)
  3 bats (D:1)
  5 frilled lizards
  14 kobolds
  3 rats
125 creatures vanquished.

Vanquished Creatures (others)
  29 foxfires (D:3)
  6 withered plants (D:4)
35 creatures vanquished.

Grand Total: 160 creatures vanquished

Notes
Turn   | Place    | Note
-------+----------+-------------------------------------------
     0 | D:1      | lawman0 the Hill Orc Cinder Acolyte began the quest for the
                  | Orb.
     0 | D:1      | Reached XP level 1. HP: 19/19 MP: 2/2
   383 | D:1      | Found Hurom's Antique Armour Boutique.
   500 | D:1      | Learned a level 1 spell: Shock
   805 | D:1      | Found a faded altar of an unknown god.
  1070 | D:1      | Reached XP level 2. HP: 23/27 MP: 3/3
  1327 | D:2      | Found Ofod's Assorted Antiques.
  1352 | D:2      | Learned a level 2 spell: Scorch
  1638 | D:2      | Reached XP level 3. HP: 32/33 MP: 1/4
  2285 | D:2      | Bought a puce potion for 29 gold pieces
  2325 | D:3      | Reached skill level 5 in Axes
  2325 | D:3      | Reached skill level 1 in Conjurations
  2532 | D:3      | Reached XP level 4. HP: 31/40 MP: 1/5
  2740 | D:3      | Reached skill level 1 in Armour
  3175 | D:3      | Reached XP level 5. HP: 11/46 MP: 4/6
  3197 | D:3      | Learned a level 3 spell: Swiftness
  3585 | D:3      | Found an opulent altar of Gozag.
  3823 | D:2      | Bought a scroll labelled WUSHORGH YXYMAW for 33 gold pieces
  3823 | D:2      | Bought a scroll labelled ASKABB ZOEKHUHOWU for 33 gold
                  | pieces
  3935 | D:4      | Reached skill level 1 in Dodging
  3935 | D:4      | Reached skill level 1 in Air Magic
  4293 | D:4      | Noticed an orc warrior
  4332 | D:4      | Killed an orc warrior
  4333 | D:4      | Reached XP level 6. HP: 52/52 MP: 4/8
  4686 | D:4      | Learned a level 1 spell: Apportation
  4688 | D:4      | Learned a level 1 spell: Summon Small Mammal
  4839 | D:4      | Reached skill level 6 in Axes
  4839 | D:4      | Reached skill level 1 in Stealth
  4839 | D:4      | Reached XP level 7. HP: 32/60 MP: 5/9
  5358 | D:2      | Bought a scroll labelled XIASESESCHO for 33 gold pieces
  5358 | D:2      | Bought a scroll labelled YNIHYZ RUEXUN for 33 gold pieces
  5444 | D:5      | Entered Level 5 of the Dungeon
  5703 | D:5      | Reached skill level 7 in Axes
  5851 | D:5      | Reached XP level 8. HP: 67/67 MP: 2/11
  6654 | D:5      | Found a staircase to the Ecumenical Temple.
  6663 | Temple   | Entered the Ecumenical Temple
  7889 | D:6      | Reached skill level 5 in Fighting
  7900 | D:6      | Reached skill level 8 in Axes
  8193 | D:6      | Reached XP level 9. HP: 40/74 MP: 8/13
  9156 | D:6      | Found a hazy altar of Hepliaklqana.
  9314 | D:7      | Noticed a five-headed hydra
  9321 | D:7      | Noticed Harold
  9505 | D:7      | Reached skill level 5 in Fire Magic
  9816 | D:7      | Killed Harold
  9817 | D:7      | Reached skill level 5 in Conjurations
 10077 | D:7      | Found a sparkling altar of Nemelex Xobeh.
 10222 | D:7      | Noticed Menkaure
 10232 | D:7      | Killed Menkaure
 10460 | D:7      | Reached XP level 10. HP: 81/81 MP: 8/16
 10488 | D:7      | Reached skill level 9 in Axes
 10711 | D:7      | AXE
 10988 | D:7      | HP: 3/81 [five-headed hydra (12)]
 10988 | D:7      | Mangled by a five-headed hydra

Illustrated notes

##'#+#.....# #.#
####...
........####.#.#
#...
.......).....#
#...
........)######.#
#...
###...(..........#
#...
#.######...#####
#... #z #...# #...
####...# #...@.[#
#.##...# .. ..[.#
... .....# ..
......# . ##.....#
#..p### #...#


Turn 10711 on D:7: AXE

Levels and vault maps discovered:
D:1:      tarquinn_simple_flora_water_e, layout_basic,
          ebering_ecumenical_altar_rust, serial_shops, shop
D:2:      layout_basic, serial_shops, shop_fountains
D:3:      layout_basic, nicolae_gozag_cash_rules_everything_around_me
D:4:      layout_cave_pods, serial_undead, serial_undead_e, serial_undead_c,
          serial_undead_e, serial_undead_e, abandoned_shop
D:5:      layout_basic, minmay_temple_entry_enclosed_plants
D:6:      layout_loops_corners, nzn_hepliaklqana_mist_gate,
          kennysheep_generic_room_12
D:7:      layout_basic, overflow_temple_1_default, minmay_ruffians,
          uniq_menkaure, uniq_harold, uniq_crazy_yiuf_cottage
Temple:   regret_index_temple_waves

Skill      XL: |  1  2  3  4  5  6  7  8  9 10 |
---------------+-------------------------------+-----
Fighting       | 4 5 |  5.5
Axes           | 5 6 7 8 9 |  9.1
Conjurations   | 1 2 3 4 5 6 |  6.2
Armour         | 1 2 3 |  3.5
Dodging        | 1 2 |  2.2
Air Magic      | 1 2 3 4 |  4.4
Stealth        | 1 |  1.2
Spellcasting   | 2 4 |  4.4
Fire Magic     | 4 6 |  6.2

Action                   |  1- 3 |  4- 6 |  7- 9 | 10-12 || total
-------------------------+-------+-------+-------+-------++-------
Melee: Hand axe          |    92 |    40 |       |       ||   132
       War axe           |       |    50 |   100 |    21 ||   171
Throw: Javelin           |       |     3 |    10 |       ||    13
       Boomerang         |       |       |    12 |       ||    12
       Dart              |       |       |     4 |       ||     4
 Cast: Shock             |     9 |    31 |    34 |     9 ||    83
       Scorch            |     4 |     7 |    79 |     5 ||    95
Invok: Foxfire Swarm     |       |     3 |       |       ||     3
Evoke: Wand              |       |       |     1 |     7 ||     8
  Use: Potion            |     1 |     4 |     3 |     1 ||     9
       Scroll            |       |     2 |     6 |     1 ||     9
Armor: Leather armour    |    32 |    27 |    32 |     4 ||    95
       Skin              |       |    14 |     5 |     7 ||    26
Dodge: Dodged            |    71 |    56 |    94 |    28 ||   249

Table legend: (Time is in decaauts)
 A = Elapsed time spent in this place.
 B = Non-inter-level travel time spent in this place.
 C = Inter-level travel time spent in this place.
 D = Time resting spent in this place.
 E = Time spent auto-exploring this place.
 F = Levels seen in this place.
 G = Mean time per level.
                   A        B        C        D        E       F      G
               +--------+--------+--------+--------+--------+-----+--------+
         Total |  11026 |  10386 |    640 |   2322 |   6676 |   8 | 1378.2 |
       Dungeon |  10881 |  10269 |    612 |   2322 |   6574 |   7 | 1554.4 |
        Temple |    144 |    117 |     27 |      0 |    102 |   1 |  144.0 |
               +--------+--------+--------+--------+--------+-----+--------+

Top non-repeatable levels by time:
     D:5: 2287 daAuts
     D:3: 1698 daAuts
     D:7: 1602 daAuts
     D:6: 1524 daAuts
     D:4: 1417 daAuts
     D:1: 1329 daAuts
     D:2: 1022 daAuts
  Temple: 144 daAuts
